 Dungeon Crawl Stone Soup version 0.26.0-20-g3ca415f5b8 (webtiles) character file.

Game seed: 9317163181404736244

6043 teolandon225 the Unseen (level 10, 0/47 HPs)
             Began as a Spriggan Enchanter on Jan 24, 2021.
             Was an Elder of Dithmenos.
             Slain by a purple ugly thing (16 damage)
             ... on level 11 of the Dungeon on Jan 25, 2021.
             The game lasted 00:24:49 (13408 turns).

teolandon225 the Unseen (Spriggan Enchanter)       Turns: 13408, Time: 00:24:50

Health: 0/47       AC:  2    Str:  4    XL:     10   Next: 57%
Magic:  6/15       EV: 29    Int: 20    God:    Dithmenos [****..]
Gold:   476        SH:  5    Dex: 17    Spells: 2/14 levels left

rFire    . . .     SeeInvis +   a - +3 dagger (drain)
rCold    . . .     Faith    .   (shield restricted)
rNeg     . . .     Spirit   .   w - +0 robe
rPois    .         Reflect  +   (helmet restricted)
rElec    .         Harm     .   c - scarf {+Inv}
rCorr    .         Rampage  .   (gloves unavailable)
Will     +....                  (boots unavailable)
Stlth    ++++++++++             s - amulet of reflection
HPRegen  0.15/turn              e - ring of stealth
MPRegen  0.14/turn              F - +4 ring of evasion

@: wreathed by umbra, very quick
A: very small, unfitting armour, see invisible, speed 3
a: Renounce Religion, Evoke Invisibility, Shadow Step


You were on level 11 of the Dungeon.
You worshipped Dithmenos.
Dithmenos was greatly pleased with you.
You visited 2 branches of the dungeon, and saw 12 of its levels.

You collected 794 gold pieces.
You spent 318 gold pieces at shops.

Inventory:

Hand Weapons
 a - a +3 dagger of draining (weapon)
 b - a +0 hunting sling
 z - the +9 falchion "Vir Tyz" {protect, Int+5, unknown}
   (You found it on level 5 of the Dungeon)

   It grants its wielder temporary protection when it strikes (+7 to AC).
   It affects your intelligence (+5).
Missiles
 x - 80 sling bullets
 y - 247 stones
Armour
 c - a scarf of invisibility (worn)
 w - a +0 robe (worn)
 B - +0 shadow dragon scales
Jewellery
 e - a ring of stealth (left hand)
 p - an uncursed amulet of guardian spirit
 s - an amulet of reflection (around neck)
 E - an uncursed ring of wizardry
 F - a +4 ring of evasion (right hand)
 G - an uncursed ring of poison resistance
 I - an uncursed ring of magical power
 K - an uncursed ring of resist corrosion {unknown}
Wands
 m - a wand of acid (12)
 C - a wand of iceblast (12)
 H - a wand of polymorph (9)
Scrolls
 d - a scroll of fog
 k - a scroll of fear
 n - 7 scrolls of teleportation
 o - 4 scrolls of magic mapping
 r - 4 scrolls of remove curse
 v - a scroll of enchant weapon
 J - 2 scrolls of amnesia {unknown}
Potions
 f - 3 potions of degeneration
 g - a potion of brilliance {unknown}
 h - 5 potions of curing
 i - 3 potions of flight
 j - 6 potions of lignification
 l - 2 potions of attraction
 q - 2 potions of magic {unknown}
 t - 4 potions of haste
 u - 4 potions of heal wounds
 A - a potion of might {unknown}
 D - a potion of invisibility {unknown}


   Skills:
 + Level 2.4 Fighting
 - Level 1.1 Short Blades
 - Level 9.5 Dodging
 * Level 15.3 Stealth
 - Level 2.6 Spellcasting
 - Level 11.1 Hexes
 * Level 6.1 Evocations


You had 2 spell levels left.
You knew the following spells:

 Your Spells              Type           Power        Failure   Level
a - Corona                Hex            52%          1%          1
e - Tukima's Dance        Hex            47%          1%          3
q - Ensorcelled Hibernat  Hex/Ice        50%          2%          2
r - Dazzling Flash        Conj/Hex       50%          4%          3
w - Confusing Touch       Hex            47%          1%          3

Your spell library contained the following spells:

 Spells                   Type           Power        Failure   Level
 Animate Skeleton         Necr           4%           14%         1
 Apportation              Tloc           4%           14%         1
 Freeze                   Ice            8%           14%         1
 Summon Small Mammal      Summ           8%           14%         1
 Frozen Ramparts          Ice            4%           41%         3
 Ozocubu's Armour         Ice            2%           41%         3
 Hailstorm                Conj/Ice       2%           82%         4
 Summon Ice Beast         Ice/Summ       2%           82%         4


Dungeon Overview and Level Annotations

Branches:
Dungeon (11/15)            Temple (1/1) D:6
   Lair: D:8-11         Orc: D:9-12

Altars:
Ashenzari
Cheibriados
Dithmenos
Elyvilon
Fedhas
Gozag
Hepliaklqana
Kikubaaqudgha
Makhleb
Nemelex Xobeh
Okawaru
Qazlal
Ru
Sif Muna
Trog
Uskayaw
Vehumet
Wu Jian
Xom
Yredelemnul
Zin
The Shining One

Shops:
D:7 ?   D:9 *   D:11 (!

Annotations:
D:6 exclusion: downstairs
D:10 exclusion: downstairs


Innate Abilities, Weirdness & Mutations

You are very small and have problems with some larger weapons.
You are too small for most types of armour.
You have supernaturally acute eyesight. (SInv)
You cover ground extremely quickly.


Message History

You catch the helpless purple ugly thing completely off-guard!
You impale the purple ugly thing!!
The purple ugly thing is heavily wounded.
The white ugly thing completely misses you.
The purple ugly thing completely misses you.
You hit the purple ugly thing. You drain the purple ugly thing.
The purple ugly thing is heavily wounded.
The white ugly thing barely misses you. The purple ugly thing misses you.
You barely miss the purple ugly thing.
The purple ugly thing is heavily wounded.
The purple ugly thing is no longer blind.
The purple ugly thing completely misses you.
The white ugly thing tentacle-slaps you!
The white ugly thing freezes you!!
Ouch! That really hurt!
You emit a cloud of dark smoke.
You hit the purple ugly thing but do no damage.
The purple ugly thing is heavily wounded.
The purple ugly thing pecks you!
You die...

......# .## ## ###
####......# ... #.#
#.........# ... #.#
#........## #.# #.#
#.......... #.# #.#
###§...∩....# #.#
#.######.#§§u......#
##.####........#u§####....
...............§@§# #
##.####.####...#.##
........####.###..)
##.####.#........### #.#
#.#.##.....# #.# #.#
####..... #.# #.# #...##
#.# #.# #..... #.. ###


You could see 2 ugly things.

Vanquished Creatures
  An ugly thing (D:11)
  A manticore (D:11)
  A hornet (D:8)
  2 trolls (D:10)
  3 yaks (D:7)
  A water moccasin (D:10)
  A soldier ant (D:10)
  2 black bears
  An orc warrior (D:7)
  2 sky beasts
  3 ice beasts
  3 phantoms
  3 centaurs
  A necrophage (D:7)
  5 ogres
  2 big kobolds
  4 bullfrogs
  A wyvern zombie (D:10)
  A water moccasin zombie (D:11)
  A scorpion (D:9)
  6 killer bees
  6 wights
  2 centaur zombies
  2 quasits (D:10)
  A centaur skeleton (D:4)
  An orc priest (D:7)
  4 hounds
  4 orc wizards (D:7)
  3 bullfrog skeletons
  2 iguanas
  4 worker ants
  A hound zombie (D:9)
  3 worker ant zombies
  3 gnolls (D:2)
  2 howler monkey skeletons
  13 adders
  6 shadow imps
  5 white imps
  3 ufetubi
  2 oozes
  An adder zombie (D:6)
  5 worms
  3 dart slugs (D:2)
  6 leopard geckos
  14 orcs
  5 giant cockroaches
  5 goblins
  9 hobgoblins
  5 jackals
  A quokka (D:6)
  A ball python (D:6)
  4 bats
  5 frilled lizards
  18 kobolds
  2 leopard gecko skeletons
  2 quokka skeletons
  13 rats
211 creatures vanquished.

Vanquished Creatures (collateral kills)
  6 wights
  2 orcs
8 creatures vanquished.

Vanquished Creatures (others)
  A wizard (D:3)
  A kobold (D:11)
  5 fungi (D:9)
  28 plants
35 creatures vanquished.

Grand Total: 254 creatures vanquished

Notes
Turn   | Place    | Note
-------+----------+-------------------------------------------
     0 | D:1      | teolandon225 the Spriggan Enchanter began the quest for the
                  | Orb.
     0 | D:1      | Reached XP level 1. HP: 9/9 MP: 5/5
   536 | D:1      | Reached XP level 2. HP: 12/12 MP: 4/6
   539 | D:1      | Learned a level 2 spell: Ensorcelled Hibernation
   813 | D:1      | Reached skill level 5 in Stealth
   900 | D:1      | Reached skill level 1 in Evocations
  1243 | D:1      | Reached XP level 3. HP: 13/16 MP: 1/8
  1795 | D:2      | Reached XP level 4. HP: 21/21 MP: 3/9
  1799 | D:2      | Learned a level 3 spell: Confusing Touch
  2083 | D:2      | Reached skill level 6 in Stealth
  2117 | D:2      | Found a glowing golden altar of the Shining One.
  2146 | D:2      | Found an ornate altar of the Wu Jian Council.
  2665 | D:2      | Reached skill level 5 in Hexes
  2665 | D:2      | Reached XP level 5. HP: 24/24 MP: 7/10
  2672 | D:2      | Learned a level 3 spell: Tukima's Dance
  3793 | D:3      | Found a bloodstained altar of Trog.
  3794 | D:3      | Noticed a wizard
  3802 | D:3      | Killed a wizard
  3871 | D:4      | Noticed a phantom
  3889 | D:4      | Killed a phantom
  3890 | D:4      | Reached skill level 7 in Stealth
  4173 | D:4      | Reached XP level 6. HP: 27/28 MP: 6/11
  4270 | D:4      | Found a shadowy altar of Dithmenos.
  4294 | D:4      | Became a worshipper of Dithmenos the Shadowed
  4523 | D:5      | Entered Level 5 of the Dungeon
  4548 | D:5      | Reached skill level 5 in Dodging
  5571 | D:5      | Got a shimmering falchion
  5583 | D:6      | Noticed an ice beast
  5597 | D:6      | Killed an ice beast
  5598 | D:6      | Reached skill level 8 in Stealth
  5607 | D:6      | Reached XP level 7. HP: 32/32 MP: 2/12
  5697 | D:6      | Found a broken altar of Ashenzari.
  6381 | D:6      | Reached skill level 9 in Stealth
  6865 | D:6      | Reached skill level 10 in Stealth
  6865 | D:6      | Reached XP level 8. HP: 36/36 MP: 13/13
  6907 | D:6      | Found a staircase to the Ecumenical Temple.
  6926 | D:6      | Reached * piety under Dithmenos
  6934 | Temple   | Entered the Ecumenical Temple
  7797 | D:7      | Reached skill level 11 in Stealth
  8505 | D:7      | Found Guh Dyce's Magic Scroll Shoppe.
  8514 | D:7      | Bought a scroll of teleportation for 33 gold pieces
  8514 | D:7      | Bought a scroll of identify for 22 gold pieces
  8514 | D:7      | Bought a scroll of magic mapping for 38 gold pieces
  8514 | D:7      | Bought a scroll of identify for 22 gold pieces
  8545 | D:7      | Reached ** piety under Dithmenos
  8626 | D:7      | Reached XP level 9. HP: 37/39 MP: 2/14
  8830 | D:7      | Reached skill level 12 in Stealth
  8843 | D:7      | Reached skill level 10 in Hexes
  8847 | D:7      | Learned a level 3 spell: Dazzling Flash
  9741 | D:8      | Reached skill level 13 in Stealth
  9897 | D:8      | Reached *** piety under Dithmenos
  9983 | D:8      | Found a hazy altar of Hepliaklqana.
 10333 | D:8      | Found a shimmering blue altar of Sif Muna.
 10399 | D:8      | Found a white marble altar of Elyvilon.
 10769 | D:9      | Found Kaiczuuj's Assorted Antiques.
 10778 | D:9      | Bought a scroll of teleportation for 87 gold pieces
 10778 | D:9      | Bought a scroll of teleportation for 87 gold pieces
 10778 | D:9      | Bought a scroll labelled DEICIH CICS for 29 gold pieces
 11060 | D:9      | You fall into a shaft and drop 1 floor!
 11060 | D:10     | Entered Level 10 of the Dungeon
 11107 | D:10     | Reached skill level 14 in Stealth
 11328 | D:10     | Noticed a troll
 11335 | D:10     | Killed a troll
 11336 | D:10     | Reached XP level 10. HP: 44/44 MP: 12/15
 11450 | D:10     | Reached skill level 1 in Fighting
 11818 | D:10     | Reached **** piety under Dithmenos
 12051 | D:11     | Found Nizeg's Antique Weapon Shoppe.
 13177 | D:11     | Reached skill level 5 in Evocations
 13383 | D:11     | Noticed a manticore
 13385 | D:11     | Killed a manticore
 13386 | D:11     | Reached skill level 15 in Stealth
 13391 | D:11     | Found Botec's Distillery.
 13392 | D:11     | Noticed a brown ugly thing
 13394 | D:11     | Noticed a purple ugly thing
 13397 | D:11     | Noticed a white ugly thing
 13399 | D:11     | Killed a brown ugly thing
 13408 | D:11     | Slain by a purple ugly thing

Illustrated notes

Levels and vault maps discovered:
D:1:      dpeg_arrival_erosion, layout_rooms
D:2:      minmay_evil_eye, layout_rooms, tso_oasis_becter,
          nzn_wu_jian_contemplation, serial_bayou, serial_bayou_lake_a,
          serial_bayou_pond_e, serial_bayou_pond_d, serial_bayou_ford_a,
          serial_bayou_pond_d
D:3:      layout_loops_ring, trog_wizard
D:4:      layout_loops_ring, nicolae_dithmenos_shadow_blocks
D:5:      layout_rooms
D:6:      layout_basic, cheibrodos_ashenzari_chains, minmay_temple_entry_wispy
D:7:      layout_cave_pods, serial_shops, shop_fountains
D:8:      kennysheep_ambush_hall, layout_basic, general_overflow_altar,
          kennysheep_mini, nzn_hepliaklqana_mist_gate
D:9:      layout_small_grid, grunt_lair_entry_orc_guard_hut, serial_shops, shop,
          hangedman_ru_absence
D:10:     layout_roguey
D:11:     layout_basic, hiddenorc2_lemuel, serial_shops, shop,
          nicolae_shop_behind_doors, shop_fountains, uniq_erica
Temple:   regret_index_temple_waves

Skill      XL: |  1  2  3  4  5  6  7  8  9 10 |
---------------+-------------------------------+-----
Hexes          | 4 5 6 7 9 11 | 11.1
Stealth        | 5 6 7 8 10 11 14 15 | 15.3
Evocations     | 1 2 6 |  6.1
Dodging        | 4 5 6 8 9 |  9.5
Fighting       | 2 |  2.4
Short Blades   | |  1.1
Spellcasting   | |  2.6

Action                   |  1- 3 |  4- 6 |  7- 9 | 10-12 || total
-------------------------+-------+-------+-------+-------++-------
Melee: Dagger            |    83 |   114 |   276 |    73 ||   546
 Cast: Corona            |     7 |       |       |       ||     7
       Ensorcelled Hiber |    28 |    37 |    84 |    20 ||   169
       Confusing Touch   |       |    10 |    23 |     9 ||    42
       Tukima's Dance    |       |     1 |    10 |     8 ||    19
       Dazzling Flash    |       |       |       |     4 ||     4
  Use: Scroll            |       |     7 |     9 |       ||    16
 Stab: Sleeping          |    17 |    33 |    70 |    19 ||   139
       Confused          |       |    12 |    16 |     7 ||    35
       Invisible         |       |       |       |     3 ||     3
Armor: Robe              |     8 |     3 |     6 |     2 ||    19
Dodge: Dodged            |    76 |    50 |   180 |    95 ||   401
Block: Other             |       |       |    44 |    32 ||    76
       Reflection        |       |       |     1 |     2 ||     3
